 Dungeon Sprint DCSS version 0.14-a0-3545-g7d9ef9c (webtiles) character file.

87 BluebellGnoll the Covert (level 3, -3/16 HPs)
             Began as a Spriggan Enchanter on Mar 28, 2014.
             Splashed by an oklob sapling's acid (19 damage)
             ... in the Dungeon (Sprint IV: "Fedhas' Mad Dash").
             The game lasted 00:00:54 (49 turns).

BluebellGnoll the Covert (Spriggan Enchanter)         Turns: 49, Time: 00:00:55

HP  -3/16        AC  3     Str  4      XL: 3   Next: 80%
MP   9/9         EV 18     Int 17      God:
Gold 27          SH  0     Dex 16      Spells:  3 memorised,  1 level left

rFire  . . .     SeeInvis +     a - +1 dagger
rCold  . . .     Clarity  .     b - +1 robe
rNeg   . . .     Conserve .     (shield restricted)
rPois  .         rCorr    .     (helmet restricted)
rElec  .         rRot     .     (no cloak)
SustAb . .       Spirit   .     (gloves unavailable)
rMut   .         Warding  .     (boots unavailable)
Saprov . . .     NoTele   +     (no amulet)
MR     .....                    (no ring)
                                m - ring of invisibility

@: very quick, not resistant to hostile enchantments, extremely stealthy
A: unfitting armour, see invisible, herbivore 3, speed 3, slow metabolism 2
a: Evoke Invisibility


You were in the Dungeon.
You were not hungry.

You visited 1 branch You collected 27 gold pieces.

Inventory:

Hand weapons
 a - a +1,+1 dagger (weapon)
Missiles
 d - 12 darts (quivered)
Armour
 b - a +1 robe (worn)
Comestibles
 n - an apple
Scrolls
 k - a scroll of blinking
Jewellery
 m - a ring of invisibility (left hand)
Potions
 e - a potion of porridge
 f - a potion of curing
 g - a potion of heal wounds
 h - a potion of haste
 i - 2 potions of magic
 j - a potion of berserk rage
 l - a potion of might {unknown}
Books
 c - a book of Maledictions

   Spells                             Type                      Level
   *Corona                            Hexes                        1
   Sure Blade                         Hexes/Charms                 2
   *Ensorcelled Hibernation           Hexes/Ice                    2
   *Confuse                           Hexes                        3
   Enslavement                        Hexes                        4
   Invisibility                       Hexes                        6


   Skills:
 - Level 1.1 Short Blades
 - Level 1.1 Throwing
 - Level 3.0 Dodging
 - Level 11.7 Stealth
 * Level 2.6 Spellcasting
 + Level 3.6 Hexes


You had one spell level left.
You knew the following spells:

 Your Spells              Type           Power        Failure   Level  Hunger
a - Corona                Hex            ##.....      4%          1    #......
b - Ensorcelled Hibernat  Hex/Ice        #.....       17%         2    ##.....
c - Confuse               Hex            ##......     14%         3    ###....


Dungeon Overview and Level Annotations

Branches:
Dungeon (1/1)

Altars:

Annotations:
D exclusion: oklob sapling


Innate Abilities, Weirdness & Mutations

You are tiny and cannot use many weapons and most armour.
You have supernaturally acute eyesight.
You are a herbivore.
You cover ground extremely quickly.
You need consume almost no food.


Message History

Your Stealth skill increases to level 11!
You see here a ring of invisibility.
m - a ring of invisibility Put on which piece of jewellery? (? for menu, Esc to quit)
You become transparent for a moment.
m - a ring of invisibility (left hand)
n - an apple You now have 13 gold pieces.
You now have 20 gold pieces (gained 7).
You now have 25 gold pieces (gained 5).
You now have 27 gold pieces (gained 2).
You open the door.
Marking area around the oklob sapling as unsafe for travelling.
An oklob sapling comes into view.
Found 23 gold pieces.
There is an open door here.
The oklob sapling spits acid at you. The splash of acid hits you!
The acid burns!
Ouch! That really hurt!
You die...

##################
#<..f#.....#.....#
#ff..'..%..'.#)..+
#ffff#.....#.#@..#
###############'##
+...# #$P$# #####


You could see an oklob sapling.

Vanquished Creatures
  An oklob sapling (D)
  A worker ant (D)
  A green rat (D)
  A rat (D)
4 creatures vanquished.

Notes
Turn   | Place    | Note
--------------------------------------------------------------
     0 | D        | BluebellGnoll, the Spriggan Enchanter, began the quest for the Orb.
     0 | D        | Reached XP level 1. HP: 9/9 MP: 4/4
     8 | D        | Reached skill level 7 in Stealth
     8 | D        | Reached XP level 2. HP: 13/13 MP: 7/7
    16 | D        | Learned a level 2 spell: Ensorcelled Hibernation
    19 | D        | Noticed an oklob sapling
    21 | D        | Killed an oklob sapling
    21 | D        | Reached skill level 10 in Stealth
    21 | D        | Reached XP level 3. HP: 16/16 MP: 9/9
    26 | D        | Learned a level 3 spell: Confuse
    27 | D        | Noticed a worker ant
    29 | D        | Killed a worker ant
    29 | D        | Reached skill level 11 in Stealth
    47 | D        | Noticed an oklob sapling
    49 | D        | Splashed by an oklob sapling's acid

Action                   || total
-------------------------++-------
Melee: Dagger            ||     4
 Stab: Sleeping          ||     3
